 Dungeon Crawl Stone Soup version 0.28-a0-819-g6ef7baa362 (webtiles) character file.

Game seed: 7245380371793919804

38 croobank the Insei (level 3, -9/23 HPs)
             Began as an Octopode Transmuter on Nov 8, 2021.
             Killed by an exploding dart slug (32 damage)
             ... ignited by their inner flame
             ... on level 2 of the Dungeon.
             The game lasted 00:08:24 (1632 turns).

croobank the Insei (Octopode Transmuter)            Turns: 1632, Time: 00:08:25

Health: -9/23      AC:  1    Str: 10    XL:     3   Next: 43%
Magic:  6/6        EV: 13    Int: 15    God:
Gold:   19         SH:  0    Dex: 12    Spells: 5/6 levels left

rFire   . . .      SeeInvis .     - Unarmed
rCold   . . .      Faith    .   (no shield)
rNeg    . . .      Spirit   .   (helmet restricted)
rPois   .          Reflect  .   (no amulet)
rElec   .          Harm     .   f - ring of willpower
rCorr   .          Rampage  .   (no ring)
Will    +....                   (no ring)
Stlth   +++.......              (no ring)
HPRegen 0.07/turn               (no ring)
MPRegen 0.10/turn               (no ring)
                                (no ring)
                                (no ring)

@: no status effects
A: almost no armour, amphibious, 8 rings, camouflage 1, gelatinous body 1,
(nimble swimmer 1), tentacles
a: no special abilities


You were on level 2 of the Dungeon.
You visited 1 branch of the dungeon, and saw 2 of its levels.

You collected 19 gold pieces.

Inventory:

Hand Weapons
 a - a +0 dagger
 d - a +0 trident
Missiles
 b - 61 stones
 e - 13 poisoned darts
Jewellery
 f - a ring of willpower (left tentacle)
Scrolls
 h - a scroll of teleportation
Potions
 g - a potion of heal wounds {unknown}


   Skills:
 + Level 1.0 Fighting
 + Level 2.1 Dodging
 + Level 1.1 Stealth
 + Level 3.5 Unarmed Combat
 + Level 2.4 Spellcasting
 + Level 2.4 Transmutations


You had 5 spell levels left.
You knew the following spells:

 Your Spells              Type           Power      Damage    Failure   Level
a - Beastly Appendage     Tmut           18%        N/A       8%          1

Your spell library contained the following spells:

 Spells                   Type           Power      Damage    Failure   Level
 Wereblood                Tmut           9%         N/A       12%         2
 Spider Form              Tmut/Pois      5%         N/A       36%         3
 Ice Form                 Ice/Tmut       5%         N/A       78%         4


Dungeon Overview and Level Annotations

Branches:
Dungeon (2/15)

Altars:

Shops:
D:2 *


Innate Abilities, Weirdness & Mutations

You cannot wear most types of armour.
You are amphibious.
You can wear up to eight rings at the same time.
Your skin changes colour to match your surroundings (Stealth+).
Your rubbery body absorbs attacks. (AC +1, EV +1)
((You are camouflaged near water. (Stealth+)))
You have tentacles for arms and can constrict up to eight enemies at once.


Message History

Found a scroll labelled LOBRUCS NUD TUABA.
The giant cockroach closely misses you.
You bludgeon the giant cockroach!
You kill the giant cockroach!
Found a scroll labelled LOBRUCS NUD TUABA.
The dart slug launches a dart at you. The slug dart hits you.
You tentacle-slap the dart slug. You grab the dart slug.
You squeeze the dart slug.
You kill the dart slug!
h - a scroll labelled LOBRUCS NUD TUABA
h - 2 scrolls labelled LOBRUCS NUD TUABA (gained 1)
As you read the scroll labelled LOBRUCS NUD TUABA, it crumbles to dust.
You feel strangely unstable.
It was a scroll of teleportation.
You start resting.
Your surroundings seem slightly different.
There is a fountain of clear blue water here.
There is an entrance to Purcha Celiqe's General Store here.
HP restored.
There is a fountain of clear blue water here.
Found a stone staircase leading up.
There is a stone staircase leading up here.
A dart slug comes into view.
As you read the scroll labelled OFUALI VIANU, it crumbles to dust.
The creatures around you are filled with an inner flame!
It was a scroll of immolation.
Unknown command.
A dart slug is nearby!
Found a pair of gloves.
A giant cockroach comes into view.
The helpless dart slug fails to defend itself.
You tentacle-slap the dart slug.
Flame seeps out of the dart slug.
You grab the dart slug.
The dart slug is moderately wounded.
You constrict the dart slug.
Flame seeps out of the dart slug.
The dart slug is engulfed in blazing flames.
The dart slug explodes!
The fiery explosion engulfs you!!
Ouch! That really hurt!
You die...

#....#####
#..### #..<#
#...#####
#.......#
#..####.######
#.............
##.##.........
#.##.@.§.....
#.##..○§.....
..##.§§§.....
..##.........
#..##.........
#.. #.........
#....[....
..B.......


You could see a giant cockroach (asleep).

Vanquished Creatures
  A worm (D:2)
  3 dart slugs
  A ball python (D:1)
  2 bats
  2 endoplasms (D:1)
  3 giant cockroaches
  A goblin (D:1)
  2 hobgoblins (D:1)
  2 jackals (D:1)
  7 kobolds
  A quokka (D:1)
  A frilled lizard (D:1)
  4 rats (D:1)
30 creatures vanquished.

Notes
Turn   | Place    | Note
-------+----------+-------------------------------------------
     0 | D:1      | croobank the Octopode Transmuter began the quest for the
                  | Orb.
     0 | D:1      | Reached XP level 1. HP: 13/13 MP: 3/3
   407 | D:1      | Reached XP level 2. HP: 15/18 MP: 5/5
  1328 | D:1      | Reached XP level 3. HP: 23/23 MP: 6/6
  1571 | D:2      | Reached skill level 1 in Stealth
  1577 | D:2      | Found Purcha Celiqe's General Store.
  1632 | D:2      | Killed by an exploding dart slug... ignited by their inner
                  | flame

Illustrated notes

Levels and vault maps discovered:
D:1:      noname_arrival_rooms_in_the_neighbourhood, layout_basic
D:2:      layout_basic, serial_shops, shop_fountains, shop_statue,
          shop_fountains, dreamdust_ecumenical_altar_sealed_demon

Skill      XL: |  1  2  3 |
---------------+----------+-----
Stealth        | 1 |  1.1
Fighting       | |  1.0
Dodging        | |  2.1
Unarmed Combat | |  3.5
Spellcasting   | |  2.4
Transmutations | |  2.4

Action                   || total
-------------------------++-------
Melee: Unarmed           ||    71
       Constrict         ||    17
       Tentacles         ||     9
       Punch             ||     3
  Use: Scroll            ||     2
 Stab: Sleeping          ||     4
Armor: Skin              ||     5
Dodge: Dodged            ||    42

Table legend: (Time is in decaauts)
 A = Elapsed time spent in this place.
 B = Non-inter-level travel time spent in this place.
 C = Inter-level travel time spent in this place.
 D = Time resting spent in this place.
 E = Time spent auto-exploring this place.
 F = Levels seen in this place.
 G = Mean time per level.
                   A        B        C        D        E       F      G
               +--------+--------+--------+--------+--------+-----+--------+
         Total |   1627 |   1605 |     22 |    350 |    975 |   2 |  813.5 |
       Dungeon |   1627 |   1605 |     22 |    350 |    975 |   2 |  813.5 |
               +--------+--------+--------+--------+--------+-----+--------+

Top non-repeatable levels by time:
     D:1: 1519 daAuts
     D:2: 107 daAuts
